[Event "31st Kavala Open-A 2022"]
[Site "Kavala"]
[Date "2022.07.31"]
[Round "7.13"]
[White "Rahmanidis, Petros"]
[Black "Maltsevskaya, Aleksandra"]
[Result "1-0"]
[ECO "B65"]
[WhiteElo "2191"]
[BlackElo "2378"]
[Annotator "TA"]
[PlyCount "65"]
[EventDate "2022.07.27"]
[EventType "swiss"]
[EventCountry "GRE"]
[SourceTitle "playchess.com"]
[Source "ChessBase"]
[SourceQuality "1"]
[TimeControl "40/5400+30:1800+30"]

1. e4 c5 2. Nf3 Nc6 3. d4 cxd4 4. Nxd4 Nf6 5. Nc3 d6 6. Bg5 e6 7. Qd2 Be7 8. O-O-O O-O 9. f4 h6 10. Bh4 Nxd4 11. Qxd4 Qa5 12. Qd3 {[%emt 0:16:51] 12.e5 is the modern continuation. B65: Sicilian: Richter-Rauzer: 7...Be7 8 0-0-0 0-0 9 f4 Nxd4.} Re8 {[%emt 0:21:08] [#]} (12... b5 $11) 13. Be1 $146 (13. Bxf6 $16 Bxf6 14. Qb5 Qxb5 15. Nxb5) ({Predecessor:} 13. Be2 Nxe4 14. Bxe7 Nxc3 15. Qxc3 Qxc3 16. bxc3 Rxe7 17. Rxd6 Bd7 18. Bf3 Be8 19. Rhd1 Rc7 {0-1 (45) Ravinsky,G-Fridstein,G Moscow 1957}) 13... Qc5 14. Qf3 {[%emt 0:08:00] The position is equal.} e5 (14... Bd7 $11) 15. f5 $14 a6 ({Black should try} 15... Bd7 $14) 16. Bf2 (16. g4 $16) 16... Qc6 17. g4 {[%emt 0:05:00] Black must now prevent h4. Black is now going downhill.} b5 18. h4 Bb7 19. Nd5 $1 {[%emt 0:04:23] Hoping for Be3.} Rac8 {[%emt 0:01:35][%csl Gc8][%cal Rc6c2] [#]} 20. Rd2 {[%emt 0:00:33] g5 is the strong threat. Active counter play!} b4 {[%emt 0:11:40] [#]} (20... Nxd5 $16 21. exd5 Qc7) 21. Kb1 $1 $18 {[%emt 0:03:06] Strongly threatening g5.} Qa4 (21... Nxd5 {might work better.} 22. exd5 Qc7) 22. b3 Qa3 $2 (22... Qc6 23. Bc4 Nxd5 24. Bxd5 Qc3 25. Qxc3 bxc3) 23. Nxf6+ gxf6 24. Bd3 a5 25. g5 a4 26. Rg1 {[%emt 0:04:02] Threatening mate with gxf6+.} fxg5 27. f6 Bf8 28. hxg5 axb3 29. cxb3 (29. gxh6+ $142 Kh8 30. cxb3 Rc3 31. Qg3 Qc1+ 32. Rxc1 Bxe4 33. Rxc3 bxc3 34. Rc2) 29... Rc3 30. gxh6+ {[%emt 0:03:04] White mates.} Kh7 31. Qf5+ Kh8 32. Qg5 Rxb3+ 33. Ka1 {[%emt 0:00:14] Weighted Error Value: White=0.32/Black=0.79} 1-0

[Event "31st Kavala Open-A 2022"]
[Site "Kavala"]
[Date "2022.07.31"]
[Round "7.14"]
[White "Vafiadis, Kleanthis"]
[Black "Ortega Lopez, Mikel"]
[Result "1-0"]
[ECO "E14"]
[WhiteElo "2286"]
[BlackElo "2249"]
[Annotator "RC"]
[PlyCount "45"]
[EventDate "2022.07.27"]
[EventType "swiss"]
[EventCountry "GRE"]
[SourceTitle "playchess.com"]
[Source "ChessBase"]
[SourceQuality "1"]
[TimeControl "40/5400+30:1800+30"]

1. d4 Nf6 2. c4 e6 3. Nf3 Bb4+ 4. Nbd2 b6 5. a3 Bxd2+ 6. Qxd2 Bb7 7. e3 Ne4 8. Qc2 O-O 9. Be2 f5 10. b4 d6 11. Bb2 Nd7 12. O-O Qe7 13. Rad1 Rf6 14. d5 Rg6 15. Nd4 exd5 16. Nxf5 Qg5 17. Ng3 Rh6 18. cxd5 Qh4 19. h3 Nxg3 20. fxg3 Qxg3 21. Bg4 Rf8 22. Bxd7 Qxe3+ 23. Kh2 1-0

[Event "31st Kavala Open-A 2022"]
[Site "Kavala"]
[Date "2022.07.31"]
[Round "7.15"]
[White "Kalogridis, Antonios"]
[Black "Magalakis, Stefanos"]
[Result "1/2-1/2"]
[ECO "E20"]
[WhiteElo "2272"]
[BlackElo "2181"]
[Annotator "TA"]
[PlyCount "70"]
[EventDate "2022.07.27"]
[EventType "swiss"]
[EventCountry "GRE"]
[SourceTitle "playchess.com"]
[Source "ChessBase"]
[SourceQuality "1"]
[TimeControl "40/5400+30:1800+30"]

1. d4 Nf6 2. c4 e6 3. Nc3 Bb4 4. f3 c5 5. d5 exd5 6. cxd5 d6 7. e4 O-O 8. Nge2 Nbd7 {[%emt 0:00:20] E20: Nimzo-Indian: 4 g3 and 4 f3.} 9. g4 {[%emt 0:00:04] [#]} Rb8 $146 ({Predecessor:} 9... Nxe4 10. fxe4 Qh4+ 11. Ng3 Nf6 12. Bg2 Nxg4 13. Bf4 Nf2 14. Kxf2 Qxf4+ 15. Bf3 Bh3 16. Qc1 {½-½ (43) Chabanon,J (2485)-Sokolov,A (2556) Nimes 2014}) 10. Ng3 b5 {[%emt 0:01:09] White has an edge.} 11. Be2 c4 12. O-O Bc5+ 13. Kh1 a6 ({Weaker is} 13... b4 14. Na4 $16) 14. f4 Nb6 ({But not} 14... b4 15. Na4 $14) 15. a3 Ne8 16. Bf3 Nc7 17. e5 Bb7 {[%emt 0:04:45] aiming for ...dxe5.} 18. exd6 Ne8 19. Nge4 Nd7 20. b4 (20. f5 $11) 20... cxb3 $1 $17 21. Qxb3 Nxd6 22. Nxd6 Bxd6 23. Ne4 Nb6 24. Rd1 Nc4 (24... Re8 $17) 25. Qd3 (25. a4 $5 ) 25... f6 26. Ra2 Qc7 27. Re2 (27. Nxd6 $11 Qxd6 28. a4) 27... Rbe8 (27... Bxf4 $17 28. Nc5 Bxc1 29. Nxb7 Qxb7 30. Rxc1 Ne5) 28. Rde1 {[%emt 0:02:08][%cal Oe4f6] [#] Hoping for Nxf6+!} Rd8 29. Ng3 (29. g5 $11 {remains equal.}) 29... Rd7 30. Nf5 (30. Ne4 $15) 30... Bxf4 {[%emt 0:01:22] And now ...Ne5 would win.} 31. Re7 {[%emt 0:01:51] Strongly threatening Bxf4.} Be5 (31... Bxc1 $17 32. Rxc1 Rxe7) 32. Nh6+ $1 $11 {[%emt 0:03:02][%cal Bf5h6,Bf7h6,Bh6f7][%mdl 32] The position is equal.} Kh8 33. Nf7+ $1 Kg8 34. Nh6+ $1 Kh8 35. Nf7+ $1 Kg8 {[%emt 0:00:03] Weighted Error Value: White=0.20 (precise) /Black=0.23 (precise)} 1/2-1/2

[Event "31st Kavala Open-A 2022"]
[Site "Kavala"]
[Date "2022.07.31"]
[Round "7.16"]
[White "Tsaknakis, Zisis"]
[Black "Apostolakakis, Konstantinos"]
[Result "1/2-1/2"]
[ECO "B94"]
[WhiteElo "2266"]
[BlackElo "2072"]
[Annotator "RC"]
[PlyCount "59"]
[EventDate "2022.07.27"]
[EventType "swiss"]
[EventCountry "GRE"]
[SourceTitle "playchess.com"]
[Source "ChessBase"]
[SourceQuality "1"]
[TimeControl "40/5400+30:1800+30"]

1. e4 c5 2. Nf3 d6 3. d4 cxd4 4. Nxd4 Nf6 5. Nc3 a6 6. Bg5 Nbd7 7. f4 Qc7 8. Qf3 b5 9. O-O-O Bb7 10. Nd5 Nxd5 11. exd5 g6 12. Bd3 Bg7 13. Rhe1 Nf6 14. Nc6 e6 15. f5 O-O 16. fxe6 fxe6 17. Rxe6 Nxd5 18. Qxd5 Qxc6 19. Qxc6 Bxc6 20. Re2 Be5 21. h4 Rf7 22. c3 Raf8 23. Be4 Bxe4 24. Rxe4 Rf1 25. Rxf1 Rxf1+ 26. Kd2 Rf2+ 27. Re2 Rxe2+ 28. Kxe2 Kf7 29. g4 h5 30. Kf3 1/2-1/2

[Event "31st Kavala Open-A 2022"]
[Site "Kavala"]
[Date "2022.08.01"]
[Round "8.1"]
[White "Bharath Subramaniyam H"]
[Black "Karthik Venkataraman"]
[Result "1/2-1/2"]
[ECO "B13"]
[WhiteElo "2479"]
[BlackElo "2483"]
[Annotator "TA"]
[PlyCount "64"]
[EventDate "2022.07.27"]
[EventType "swiss"]
[EventCountry "GRE"]
[SourceTitle "playchess.com"]
[Source "ChessBase"]
[SourceQuality "1"]
[TimeControl "40/5400+30:1800+30"]

1. e4 c6 2. d4 d5 3. exd5 cxd5 4. Nf3 Nc6 5. Bb5 Qa5+ 6. Nc3 {[%emt 0:00:10] [#] And now Ne5 would win. B13: Caro-Kann: Exchange Variation and Panov-Botvinnik Attack.} Bg4 7. h3 Bxf3 8. Qxf3 {[%emt 0:00:08] The position is equal.} e6 {[%emt 0:00:04] [#]} 9. Bxc6+ $146 ({Predecessor:} 9. O-O a6 10. Bxc6+ bxc6 11. Qg3 Nf6 12. Re1 Rc8 13. Bg5 Be7 14. Bd2 O-O 15. Bh6 {½-½ (48) Rapport,R (2707)-Pantsulaia,L (2612) Riadh 2017}) 9... bxc6 10. O-O Ne7 11. Ne2 Nf5 12. c3 Bd6 13. Bf4 Qc7 14. Bxd6 Nxd6 15. Nc1 Ne4 16. Qe3 {[%emt 0:07:03] Prevents Nd2.} c5 17. dxc5 Qxc5 18. Qxc5 Nxc5 19. Rd1 Rb8 20. Nb3 Ne4 21. Rac1 Nd6 22. Rc2 Ke7 23. Nd2 Rhc8 24. Rdc1 a5 25. Kf1 Rc7 26. Ke1 Rbc8 27. Kd1 e5 28. Nb3 a4 29. Nd2 Nc4 ({Black should play} 29... Ke6 $17) 30. b3 (30. Nxc4 $15 Rxc4 31. b3) 30... Na3 $17 31. Rb2 Nb5 (31... Rb8 $17) 32. c4 $15 Na3 {[%emt 0:06:02] Weighted Error Value: White=0.10 (very precise) /Black=0.08 (flawless)} 1/2-1/2

[Event "31st Kavala Open-A 2022"]
[Site "Kavala"]
[Date "2022.08.01"]
[Round "8.2"]
[White "Yilmazyerli, Mert"]
[Black "Kourkoulos-Arditis, Stamatis"]
[Result "1/2-1/2"]
[ECO "E67"]
[WhiteElo "2520"]
[BlackElo "2535"]
[Annotator "TA"]
[PlyCount "78"]
[EventDate "2022.07.27"]
[EventType "swiss"]
[EventCountry "GRE"]
[SourceTitle "playchess.com"]
[Source "ChessBase"]
[SourceQuality "1"]
[TimeControl "40/5400+30:1800+30"]

1. Nf3 Nf6 2. g3 g6 3. Bg2 Bg7 4. O-O O-O 5. d4 d6 6. c4 Nbd7 7. Qc2 e5 8. Rd1 Re8 9. Nc3 {[%emt 0:00:12] 9.e4 is vanishing.} e4 10. Ng5 {[%emt 0:00:38][%cal Rg5e4] E67: King's Indian: Fianchetto: 6...Nbd7.} e3 $1 11. fxe3 Ng4 12. e4 {[%emt 0:00:12] White has an edge.} c5 ({Not} 12... Qf6 13. Nf3 Qe7 14. Nd5 $16) 13. Nf3 cxd4 14. Nxd4 a6 ({Less strong is} 14... Qf6 15. Bf3 Nde5 16. Nd5 $16) 15. h3 Qb6 16. e3 {[%emt 0:03:14] [#]} Ngf6 $146 ({Predecessor:} 16... Nge5 17. Nd5 Qd8 18. Rf1 Nc5 19. Bd2 Bd7 20. a4 {½-½ (20) Ninov,K (2495)-Dedes,N (2290) Athens 1988}) 17. b3 Nc5 18. Bb2 Bd7 19. Rf1 {[%emt 0:01:38][%cal Ob3b4] [#] Strongly threatening b4!} Bc6 20. Nxc6 bxc6 21. Rad1 Re6 22. Ne2 {[%emt 0:13:04] Black should prevent Nf4.} Ncxe4 23. Bd4 $36 {[%emt 0:02:48][%mdl 2048] White is more active. This bishop pair is nice.} Qc7 24. Qb2 {[%emt 0:02:51] [#] Threatens to win with Bxe4.} Re5 25. Bxe5 $18 dxe5 26. Qc2 Qb6 (26... Ng5 $142 27. Qd2 Rc8) 27. Kh2 Qxe3 28. Qd3 Bh6 29. Qxe3 Bxe3 30. Rd3 Bg5 31. Kh1 Ra7 $2 (31... Re8 $16 {is a better defense.} 32. h4 Bh6 33. Bxe4 Nxe4) 32. Nc3 $2 (32. h4 $18 Bh6 33. g4) 32... Nxc3 $14 33. Rxc3 {[%emt 0:00:04] aiming for h4.} e4 34. Rc2 (34. b4 $16) 34... Nh5 $1 $11 {[%emt 0:00:19] The position is equal.} 35. Kh2 f5 36. g4 Bf4+ 37. Kg1 Be3+ 38. Kh2 Bf4+ 39. Kg1 Be3+ {[%emt 0:00:36] Black escapes into a draw.  Weighted Error Value: White=0.29 (precise) /Black=0.27 (precise)} 1/2-1/2

[Event "31st Kavala Open-A 2022"]
[Site "Kavala"]
[Date "2022.08.01"]
[Round "8.3"]
[White "Pijpers, Arthur"]
[Black "Schroeder, Jan-Christian"]
[Result "1-0"]
[ECO "C92"]
[WhiteElo "2458"]
[BlackElo "2563"]
[Annotator "TA"]
[PlyCount "65"]
[EventDate "2022.07.27"]
[EventType "swiss"]
[EventCountry "GRE"]
[SourceTitle "playchess.com"]
[Source "ChessBase"]
[SourceQuality "1"]
[TimeControl "40/5400+30:1800+30"]

1. e4 e5 2. Nf3 Nc6 3. Bb5 a6 4. Ba4 Nf6 5. O-O Be7 6. Re1 b5 7. Bb3 d6 8. c3 O-O 9. h3 Bb7 10. a4 {[%emt 0:00:06] C92: Closed Ruy Lopez: 9...Be6, Karpov and Flohr-Zaitsev Variations.} Re8 11. d3 Na5 12. Ba2 {[%emt 0:00:16] The position is equal.} c5 13. Na3 {[%emt 0:05:54] [#]} Bc6 $146 (13... Qd7 $11 {keeps the balance.}) ({Predecessor:} 13... Qd7 14. Be3 Rec8 15. b4 cxb4 16. cxb4 Nc6 17. Bd2 d5 18. axb5 axb5 19. Qb3 Ra6 20. Nxb5 {½-½ (37) Rudyak,I (2412)-Rogos,J (2533) ICCF email 2015}) 14. b4 $16 Nb7 15. axb5 {[%emt 0:00:14] White is more active.} axb5 {[%emt 0:08:31] [#]} 16. Bxf7+ $1 Kxf7 {[%emt 0:00:06] [#]} 17. Qb3+ $1 c4 18. dxc4 Bxe4 (18... Kf8 {was necessary.}) 19. Ng5+ $18 Kg8 {[%emt 0:00:06] White must now prevent ...bxc4.} 20. Nxe4 Nxe4 21. Rxe4 Bf6 22. c5+ d5 23. c6 {[%emt 0:00:03] Against Qd7} Nd6 24. Qxd5+ Kh8 25. Re1 {[%emt 0:02:31][%cal Be4e1,Be1d1,Bd1c1,Bc1b1][%mdl 32] White is clearly winning.} e4 {[%emt 0:07:57] [#]} (25... Nf5 $142 26. Qxb5 Qc8) 26. Nxb5 $1 Nxb5 27. Rxa8 Qxa8 28. Qxb5 Bxc3 29. Rd1 Be5 30. Be3 h6 31. Qc5 Qa4 32. Rc1 Bb2 33. Rb1 {[%emt 0:01:20] White took control after the opening.  Weighted Error Value: White=0.03 (flawless) /Black=0.51} 1-0

[Event "31st Kavala Open-A 2022"]
[Site "Kavala"]
[Date "2022.08.01"]
[Round "8.4"]
[White "Beerdsen, Thomas"]
[Black "Can, Isik"]
[Result "1-0"]
[ECO "B12"]
[WhiteElo "2500"]
[BlackElo "2445"]
[Annotator "TA"]
[PlyCount "61"]
[EventDate "2022.07.27"]
[EventType "swiss"]
[EventCountry "GRE"]
[SourceTitle "playchess.com"]
[Source "ChessBase"]
[SourceQuality "1"]
[TimeControl "40/5400+30:1800+30"]

1. e4 c6 2. d4 d5 3. f3 e6 4. Nc3 Bb4 5. Bd2 Ne7 6. a3 {[%emt 0:00:18] B12: Caro-Kann: Advance Variation.} Ba5 7. Bd3 O-O 8. e5 {[%emt 0:00:32] [#] The position is equal.} Nf5 $146 ({Predecessor:} 8... Bxc3 9. bxc3 b6 10. f4 Ba6 11. Nf3 Bxd3 12. cxd3 c5 13. O-O Nbc6 14. dxc5 bxc5 {1-0 (45) Shevchenko,D (2154)-Lupolov,B (2001) Pardubice 2019}) 9. f4 Nxd4 10. Qh5 $1 g6 11. Qh6 f5 12. b4 {[%emt 0:05:08][%mdl 1024] White has compensation.} Bc7 13. Be3 Bb6 {[%emt 0:01:04] Strongly threatening ...a5.} 14. Bf2 a5 {[%emt 0:13:31] aiming for ...axb4.} 15. Na4 $36 {[%emt 0:05:58][%mdl 2048] [#] White is pushing.} axb4 ({Black should try} 15... Nxc2+ $1 $11 16. Bxc2 Bxf2+ 17. Kxf2 axb4) 16. Nxb6 $14 Qxb6 {[%emt 0:00:04] [#]} 17. h4 $1 Rxa3 18. Rd1 {[%emt 0:05:28] h5 is the strong threat.} b3 19. c3 {[%emt 0:02:36] Black must now prevent h5. The board is on fire.} Nc2+ $2 {[%emt 0:00:10][%mdl 8192] This costs Black the game.} ({Reject} 19... c5 20. h5 Nc2+ 21. Kf1 $11) (19... b2 $16 20. Bxd4 c5) 20. Bxc2 $18 Qa5 21. Bb1 {[%emt 0:00:56] Threatens to win with h5.} Qxc3+ 22. Kf1 b6 {[%emt 0:03:16] And now ...Ba6+ would win.} 23. h5 Ba6+ (23... Ra7 $142 24. Nf3 g5 25. fxg5 (25. Bxb6 Rg7 $16) 25... Qb4) 24. Ne2 Bxe2+ 25. Kxe2 Ra2+ 26. Bxa2 Qc2+ 27. Kf3 Nd7 28. Bb1 Qc4 29. hxg6 Nxe5+ 30. Kg3 Qc3+ {[%emt 0:00:03] [#]} 31. Rd3 $3 {[%emt 0:00:04][%mdl 512] Weighted Error Value: White=0.07 (flawless) /Black=0.86} 1-0

[Event "31st Kavala Open-A 2022"]
[Site "Kavala"]
[Date "2022.08.01"]
[Round "8.5"]
[White "Kilic, Eray"]
[Black "Vrolijk, Liam"]
[Result "1/2-1/2"]
[ECO "C78"]
[WhiteElo "2422"]
[BlackElo "2464"]
[Annotator "TA"]
[PlyCount "86"]
[EventDate "2022.07.27"]
[EventType "swiss"]
[EventCountry "GRE"]
[SourceTitle "playchess.com"]
[Source "ChessBase"]
[SourceQuality "1"]
[TimeControl "40/5400+30:1800+30"]

1. e4 e5 2. Nf3 Nc6 3. Bb5 a6 4. Ba4 Nf6 5. O-O b5 6. Bb3 Bc5 7. c3 d6 8. d4 Bb6 9. a4 {[%emt 0:00:11] 9.Be3 injects fresh life into this line.} Rb8 10. a5 {[%emt 0:00:05] C78: Ruy Lopez: Archangelsk and Möller Defences.} Ba7 ({Resist} 10... Nxa5 11. Rxa5 Bxa5 12. dxe5 $14) (10... Bxa5 $2 11. dxe5 (11. d5 Ne7 $18) 11... dxe5 12. Qxd8+ Kxd8 13. Bd5 (13. Bxf7 Bb6 $16) 13... Nxd5 14. exd5 $18) 11. h3 Bb7 12. Be3 Nxe4 13. Re1 (13. d5 {with more complications.} Bxe3 14. dxc6 Nxf2 15. Qe2) 13... exd4 14. cxd4 {[%emt 0:07:48] d5 is the strong threat.} d5 15. Nc3 Ne7 16. Nxe4 dxe4 17. Ng5 Bd5 18. Bxd5 Qxd5 {[%emt 0:00:40] [#]} 19. Nxe4 $1 {[%emt 0:00:27] Black must now prevent Bg5.} O-O $1 {[%emt 0:00:59] [#]} (19... Qxe4 $2 20. Bg5 Qg6 21. Bxe7 $18) 20. Nc5 $146 ({Predecessor:} 20. Qf3 f5 21. Nd2 f4 22. Bxf4 Qxd4 23. Qb3+ Qd5 24. Be3 c5 25. Rad1 c4 26. Qc3 Bxe3 27. Qxe3 {½-½ (35) Saric,I (2690)-Lagno,K (2560) Caleta 2019}) 20... Bxc5 21. dxc5 Rbd8 22. Qg4 f5 23. Qe2 {[%emt 0:08:02] And now Bg5 would win.} (23. Qg3 $5 Ng6 24. Bf4 $14 (24. Qxc7 $2 f4 $19)) 23... Nc6 24. Rad1 Qf7 25. Rxd8 Rxd8 26. Bg5 Rf8 (26... Rd5 $11) 27. Qe6 (27. Qf3 $14 Nd4 28. Qc3) 27... Qxe6 $11 28. Rxe6 Nxa5 29. Rxa6 {[%emt 0:01:04][%mdl 4096] Endgame KRB-KRN} Nb3 30. Ra7 h6 31. Bf4 Nxc5 32. Bxc7 Rf7 33. Ra8+ Kh7 34. Bd6 Ne4 35. Be5 f4 {[%emt 0:07:09] [#]} (35... Rd7 $11 {keeps the balance.}) 36. Rb8 $1 $16 g5 37. g4 Rd7 {[%emt 0:03:44] The position is equal.} 38. h4 gxh4 39. Bxf4 Rg7 40. f3 Rf7 41. fxe4 Rxf4 42. Rxb5 Rxg4+ 43. Kh2 Rxe4 {[%emt 0:00:09] Weighted Error Value: White=0.06 (flawless) /Black=0.09 (flawless)} 1/2-1/2

[Event "31st Kavala Open-A 2022"]
[Site "Kavala"]
[Date "2022.08.01"]
[Round "8.6"]
[White "Celik, Hasan Huseyin"]
[Black "Gopal G.N."]
[Result "0-1"]
[ECO "B66"]
[WhiteElo "2363"]
[BlackElo "2593"]
[Annotator "TA"]
[PlyCount "48"]
[EventDate "2022.07.27"]
[EventType "swiss"]
[EventCountry "GRE"]
[SourceTitle "playchess.com"]
[Source "ChessBase"]
[SourceQuality "1"]
[TimeControl "40/5400+30:1800+30"]

1. e4 c5 2. Nf3 d6 3. d4 cxd4 4. Nxd4 Nf6 5. Nc3 a6 6. Bg5 e6 7. f3 Be7 8. Qd2 h6 9. Be3 Nc6 10. O-O-O Nxd4 11. Qxd4 b5 12. Kb1 Bb7 {[%emt 0:04:24] B66: Sicilian: Richter-Rauzer: 7...a6 8 0-0-0 h6.} 13. g4 Rc8 {[%emt 0:03:19] [#]} 14. Be2 $146 ({Predecessor:} 14. Rg1 d5 15. e5 Nd7 16. f4 Qc7 17. Qd2 Nc5 18. Ne2 Ne4 19. Qc1 b4 20. Nd4 {½-½ (38) Zulfugarli,M (2496)-Babaev,R (2334) Baku 2001}) 14... d5 {[%emt 0:09:01] With the idea ...dxe4. The position is equal.} 15. exd5 Nxd5 16. Nxd5 (16. Qxg7 $2 Bf6 17. Qxh8+ Bxh8 $19) 16... Bxd5 17. Qd2 {[%emt 0:02:17] Against Qa5} ({Don't blunder} 17. Qxg7 $2 Bf6 18. Bb6 (18. Rxd5 $2 exd5 19. Qxh8+ Bxh8 $19) 18... Qe7 19. Qxh8+ Bxh8 $19) 17... Qc7 18. h4 O-O 19. g5 h5 {[%emt 0:04:45] Black is more active.} ({Black should play} 19... Rfd8 $17 {[%cal Od5a2] And now ...Bxa2+! would win.} 20. Qc1 h5) 20. g6 (20. Rhf1 $15) 20... Bf6 $40 {[%emt 0:03:56][%mdl 128] Black has some attack.} ({Better is} 20... fxg6 $17 21. Rdf1 Rcd8) 21. Rdg1 $2 {[%emt 0:01:50][%mdl 8192] This costs White the game.} (21. Rhg1 $11) 21... b4 $19 {[%emt 0:06:06] [#] White must now prevent ...Qe5.} ({And not} 21... Qe5 22. c3 fxg6 23. Bg5 $17) 22. gxf7+ Rxf7 23. Rg6 Qe5 (23... Rd7 $142 24. Bd3 Bc4) 24. Qc1 $2 {[%emt 0:01:15] [#]} (24. Rxf6 Qxf6 25. Bg5) 24... Bxa2+ $1 {[%emt 0:08:26][%mdl 512] Weighted Error Value: White=1.18/Black=0.39} 0-1

[Event "31st Kavala Open-A 2022"]
[Site "Kavala"]
[Date "2022.08.01"]
[Round "8.7"]
[White "Gagare, Shardul"]
[Black "Vafiadis, Kleanthis"]
[Result "1-0"]
[ECO "E68"]
[WhiteElo "2514"]
[BlackElo "2286"]
[Annotator "TA"]
[PlyCount "47"]
[EventDate "2022.07.27"]
[EventType "swiss"]
[EventCountry "GRE"]
[SourceTitle "playchess.com"]
[Source "ChessBase"]
[SourceQuality "1"]
[TimeControl "40/5400+30:1800+30"]

1. d4 Nf6 2. c4 g6 3. Nf3 Bg7 4. g3 O-O 5. Bg2 d6 6. Nc3 Nbd7 7. O-O e5 8. e4 exd4 9. Nxd4 Re8 10. h3 a6 11. Rb1 Rb8 12. a4 {[%emt 0:13:14] E68: King's Indian: Fianchetto: 6...Nbd7 7 0-0 e5 8 e4.} (12. Bg5 {is interesting.} Nc5 13. Qc2 Ne6 14. Nxe6 Bxe6 15. Nd5) 12... a5 13. Re1 c6 {[%emt 0:01:12] [#]} 14. Nc2 $146 {[%emt 0:06:33] White is slightly better.} ({Predecessor:} 14. Be3 Nc5 15. Qc2 Qe7 16. Rbd1 Nfd7 17. b3 Na6 18. Nde2 Nb4 19. Qb1 Nc5 20. Bd4 {0-1 (42) Harika,D (2294)-Sasikiran,K (2658) Mumbai 2003}) 14... Ne5 15. b3 Nfd7 16. f4 (16. Re3 $14) 16... Nxc4 $11 17. e5 dxe5 $2 18. bxc4 $18 exf4 19. Ne4 fxg3 20. Bg5 $1 ({Don't take} 20. Nxg3 $6 f5 $16) ({Don't do} 20. Bf4 $6 Ne5 $16) 20... Qc7 {[%emt 0:03:57] [#]} 21. Qd2 $1 Ne5 $2 {[%emt 0:31:05] [#]} (21... b5) 22. Nf6+ $1 {[%emt 0:00:40] White is clearly winning.} Bxf6 23. Bxf6 {[%emt 0:00:04] White wants to mate with Qh6.} Re6 24. Qf4 {[%emt 0:01:21][%csl LRe5,LRg3] Weighted Error Value: White=0.14 (very precise) /Black=0.85} 1-0

[Event "31st Kavala Open-A 2022"]
[Site "Kavala"]
[Date "2022.08.01"]
[Round "8.8"]
[White "Halkias, Stelios"]
[Black "Tarhan, Adar"]
[Result "1-0"]
[ECO "E05"]
[WhiteElo "2512"]
[BlackElo "2201"]
[Annotator "TA"]
[PlyCount "81"]
[EventDate "2022.07.27"]
[EventType "swiss"]
[EventCountry "GRE"]
[SourceTitle "playchess.com"]
[Source "ChessBase"]
[SourceQuality "1"]
[TimeControl "40/5400+30:1800+30"]

1. Nf3 Nf6 2. c4 e6 3. g3 d5 4. d4 Be7 5. Bg2 O-O 6. O-O dxc4 7. Qc2 a6 8. a4 Bd7 9. Qxc4 Bc6 10. Bf4 Bd6 {[%emt 0:00:09] E05: Open Catalan: 5 Nf3 Be7.} 11. Qc1 Nbd7 12. Nc3 Qe7 {[%emt 0:07:26] The position is equal.} 13. a5 Rfe8 14. Re1 {[%emt 0:00:57] [#]} Ne4 $146 (14... e5 $11 {keeps the balance.} 15. dxe5 Bxe5) ({Predecessor:} 14... Bxf4 15. Qxf4 Bxf3 16. Qxf3 c6 17. Na4 e5 18. dxe5 Nxe5 19. Qc3 Nd5 20. Qc5 Nc7 {1-0 (38) Wojtaszek,R (2687)-Navara,D (2697) Prague 2021}) 15. Ne5 $1 $16 Bxe5 16. dxe5 Nec5 {[%emt 0:12:51] Hoping for ...Bxg2.} 17. Bxc6 bxc6 {[%emt 0:00:09] [#]} 18. Ra3 {[%emt 0:03:33] Inhibits Nb3.} Reb8 (18... Rab8 $142) 19. Rd1 Rb4 $2 {[%emt 0:02:00] [#] This costs Black the game.} (19... h6 $16 {keeps fighting.}) 20. Na2 $1 $18 Rb5 21. b4 Nb7 22. Qxc6 Nb8 23. Qe4 Nd7 24. Nc3 Rxb4 25. Rxd7 $1 Qf8 (25... Rxe4 $142 26. Rxe7 Rc4) 26. Qf3 Nc5 {[%emt 0:01:19] [#]} 27. Rxf7 Kxf7 28. Be3+ Kg6 29. Qxf8 {[%emt 0:00:29][%mdl 64] Remove Defender} Rxf8 30. Bxc5 Rfb8 31. Bxb4 Rxb4 {[%emt 0:00:01][%mdl 4096] Endgame KRN-KR} 32. f4 Kf5 33. Kg2 g5 34. e4+ Kg4 35. h3+ Kh5 36. Kf3 gxf4 37. gxf4 Kh4 38. Nd1 Kxh3 39. Rc3 c5 40. Ne3 {[%emt 0:00:00] Threatening mate with Rc1.} Rb5 41. Rc1 {[%emt 0:01:59] Weighted Error Value: White=0.04 (flawless) /Black=0.48} 1-0